[Event "IIFL Wealth 4th Mumbai GM"]
[Site "Mumbai"]
[Date "2019.01.06"]
[Round "8"]
[White "Lama, Milan"]
[Black "Tarun Kanyamarala"]
[Result "1-0"]
[ECO "B22"]
[WhiteElo "1897"]
[BlackElo "2120"]
[Annotator "NA"]
[PlyCount "113"]
[EventDate "2018.12.30"]
[EventType "swiss"]
[EventCountry "IND"]
[SourceTitle "playchess.com"]
[Source "ChessBase"]
[SourceQuality "1"]
[TimeControl "40/5400+30:1800+30"]

1. e4 c5 2. c3 d5 3. exd5 Qxd5 4. d4 Nc6 5. Nf3 Bf5 6. Be3 Nf6 7. c4 Qd8 8. d5 Nb4 9. Na3 e6 10. Nh4 Be4 11. f3 Nd7 12. g3 Bf5 13. Nxf5 exf5 14. Qe2 Qe7 15. Kf2 a6 16. Nc2 Nxc2 17. Qxc2 Qf6 18. Bh3 g6 19. Bd2 Bd6 20. Rhe1+ Kd8 21. Bc3 Be5 22. Rxe5 Nxe5 23. f4 Re8 24. Bxe5 Qb6 25. Qc3 Kd7 26. Bg2 Rf8 27. Bf6 Qd6 28. Qe5 b5 29. Qxd6+ Kxd6 30. Re1 Rae8 31. Bf1 Rxe1 32. Kxe1 b4 33. Bd3 h6 34. Bc2 Rg8 35. Be5+ Ke7 36. Bc7 Kd7 37. d6 Re8+ 38. Kf2 Re6 39. h3 Kc6 40. Ba4+ Kb7 41. Kf3 h5 42. g4 fxg4+ 43. hxg4 h4 44. f5 gxf5 45. gxf5 Rf6 46. Kg4 Rh6 47. Kh3 a5 48. Be8 Rf6 49. Kxh4 Rxf5 50. Bxa5 Rf4+ 51. Kg3 Rxc4 52. d7 Rd4 53. d8=Q Rxd8 54. Bxd8 c4 55. Ba5 c3 56. bxc3 bxc3 57. Bxc3 1-0